 Dungeon Crawl Stone Soup version 0.30-a0-331-g8ab09dc110 (webtiles) character file.

Game seed: 14800392872402626230

13124 gruber the Fighter (level 12, -10/120 HPs)
             Began as a Naga Venom Mage on Oct 29, 2022.
             Was a High Priest of Cheibriados.
             Mangled by a five-headed hydra (14 damage)
             ... on level 2 of the Lair of Beasts.
             The game lasted 00:24:56 (13165 turns).

gruber the Fighter (Naga Venom Mage)               Turns: 13165, Time: 00:24:56

Health: -10/120    AC:  6    Str: 26    XL:     12   Next: 2%
Magic:  15/22      EV: 10    Int: 32    God:    Cheibriados [*****.]
Gold:   942        SH:  0    Dex: 24    Spells: 10/25 levels left

rFire   + . .      SeeInvis +    H - staff of poison
rCold   + . .      Faith    .    (no shield)
rNeg    . . .      Spirit   .    L - +0 steam dragon scales
rPois   +          Reflect  .    (no helmet)
rElec   .          Harm     .    T - scarf {rC+ rF+}
rCorr   .          Rampage  .    (no gloves)
Will    ++...                    (no barding)
Stlth   +++++.....               i - amulet of magic regeneration
HPRegen 0.40/turn                O - ring of wizardry
MPRegen 0.58/turn                t - ring of willpower

@: short of breath, studying Fighting, very slow
A: AC +4, large, see invisible, deformed body, poison resistance, slowness 2,
spit poison 1, naga tail 1
a: Spit Poison, Renounce Religion, Bend Time, Temporal Distortion, Slouch, Step
From Time


You were on level 2 of the Lair of Beasts.
You worshipped Cheibriados.
Cheibriados was extremely pleased with you.
You visited 3 branches of the dungeon, and saw 14 of its levels.
You also visited: Ossuary and Bailey.

You collected 942 gold pieces.

Inventory:

Hand Weapons
 k - a +2 sling of flaming
 y - a +4 spear
 M - a +2 dagger of venom
 N - a +3 sling of freezing
 U - a +2 shortbow of electrocution
Missiles
 D - 4 throwing nets
 R - 3 curare-tipped darts
Armour
 a - a +2 ring mail of cold resistance
 L - +0 steam dragon scales (worn)
 T - a scarf of resistance (worn)
Magical Staves
 H - a staff of poison (weapon)
Jewellery
 g - a ring of positive energy
 h - a +6 ring of dexterity
 i - an amulet of magic regeneration (around neck)
 o - a ring of flight
 t - a ring of willpower (right hand)
 z - an amulet of reflection
 O - a ring of wizardry (left hand)
 V - a ring of protection from cold
 W - a ring of willpower
Wands
 A - a wand of iceblast (5)
 Q - a wand of polymorph (7)
 Y - a wand of flame (2)
 Z - a wand of acid (3)
Scrolls
 c - 5 scrolls of teleportation {unknown}
 e - 3 scrolls of summoning {unknown}
 j - a scroll of blinking {unknown}
 l - a scroll of magic mapping {unknown}
 m - 2 scrolls of immolation {unknown}
 p - 3 scrolls of poison {unknown}
 s - 3 scrolls of amnesia {unknown}
 w - 2 scrolls of torment {unknown}
 x - 2 scrolls of fear {unknown}
 C - 2 scrolls of enchant armour {unknown}
 F - 2 scrolls of butterflies {unknown}
 G - 3 scrolls of vulnerability {unknown}
 K - 2 scrolls of noise {unknown}
 S - a scroll of brand weapon
Potions
 b - a potion of magic
 d - 6 potions of curing
 f - 5 potions of heal wounds
 n - 3 potions of ambrosia
 q - 3 potions of cancellation
 r - a potion of berserk rage {unknown}
 u - a potion of flight
 v - a potion of resistance
 B - a potion of brilliance
 J - 4 potions of lignification
 P - a potion of might


   Skills:
 - Level 11.2 Fighting
 - Level 6.0 Polearms
 - Level 1.5 Dodging
 - Level 10.2 Stealth
 - Level 7.1 Spellcasting
 - Level 1.0 Transmutations
 * Level 10.1 Ice Magic
 - Level 10.3 Poison Magic


You had 10 spell levels left.
You knew the following spells:

 Your Spells              Type           Power      Damage    Failure   Level
a - Sting                 Tmut/Pois      100%       1d8       1%          1
b - Olgreb's Toxic Radia  Pois           86%        N/A       1%          4
c - Mephitic Cloud        Conj/Pois/Air  50%        N/A       1%          3
d - Frozen Ramparts       Ice            100%       1d16      1%          3
e - Hailstorm             Conj/Ice       43%        3d10      1%          3
f - Freeze                Ice            100%       1d10      1%          1

Your spell library contained the following spells:

 Spells                   Type           Power      Damage    Failure   Level
 Poisonous Vapours        Pois/Air       100%       N/A       1%          2
 Summon Forest            Summ/Tloc      5%         N/A       41%         5
 Summon Mana Viper        Hex/Summ       11%        N/A       41%         5
 Summon Cactus Giant      Summ           5%         N/A       91%         6


Dungeon Overview and Level Annotations

Branches:
Dungeon (11/15)            Temple (1/1) D:5            Lair (2/5) D:9
    Orc (0/2) D:10        Ossuary (visited)          Bailey (visited)
  Swamp: Lair:2-3    Shoals: Lair:2-3     Snake: Lair:2-3    Spider: Lair:2-3

Altars:
Ashenzari
Cheibriados
Dithmenos
Elyvilon
Fedhas
Gozag
Hepliaklqana
Kikubaaqudgha
Makhleb
Nemelex Xobeh
Okawaru
Qazlal
Ru
Sif Muna
Trog
Uskayaw
Vehumet
Wu Jian
Xom
Yredelemnul
Zin
The Shining One

Shops:
D:7 [

Annotations:
D:9 2 runed translucent doors, Lanoc's ghost, novice NaBe


Innate Abilities, Weirdness & Mutations

Your serpentine skin is tough. (AC +4)
You have supernaturally acute eyesight. (SInv)
Armour fits poorly on your strangely shaped body.
Your system is resistant to poisons. (rPois)
You cover ground very slowly.
You can spit poison.
You have a snake-like lower body.


Message History

Aiming: Iceblast
Press: ? - help, Shift-Dir - straight line
Okay, then.
Aiming: Corrosive Bolt
Press: ? - help, Shift-Dir - straight line, f - five-headed hydra
Aim: a five-headed hydra (90% to hit)
The bolt of acid misses the swamp worm.
The bolt of acid hits the five-headed hydra!
The acid corrodes the five-headed hydra!
The five-headed hydra is moderately wounded.
Unknown command.
Aiming: Iceblast
Press: ? - help, Shift-Dir - straight line, f/p - five-headed hydra
Aim: a five-headed hydra (moderately wounded, covered in acid)
The mass of ice explodes!
The iceblast engulfs the five-headed hydra!
The five-headed hydra is heavily wounded.
The iceblast engulfs the swamp worm!
You kill the swamp worm!
Cheibriados thoroughly appreciates the change of pace.
You hear an angry hiss.
A five-headed hydra comes into view.
Unknown command.
Unknown command.
Aiming: Iceblast
Press: ? - help, Shift-Dir - straight line, f/p - five-headed hydra
Aim: a five-headed hydra (heavily wounded, covered in acid)
The mass of ice explodes!
The iceblast engulfs the five-headed hydra!
The five-headed hydra is heavily wounded.
A black mamba comes into view.
The five-headed hydra bites you!
* * * LOW HITPOINT WARNING * * *
The five-headed hydra bites you.
* * * LOW HITPOINT WARNING * * *
The five-headed hydra bites you!
* * * LOW HITPOINT WARNING * * *
The five-headed hydra barely misses you.
The five-headed hydra bites you!
You die...

##....#♣ ♣....(.....# #....♣
♣♣.........# #....#
♣........## ##....♣ ♣♣♣♣
♣P#...#P## #.....♣♣♣ §..♣♣
♣♣##...###
##....#.♣♣♣♣D..♣♣♣P##...#.###
#P.....♣♣≈~~~†..♣♣..........#
##....♣♣≈~≈†D≈~♣♣...........#
##.....♣≈≈°≈@~~≈♣♣..........#
#..##..♣≈≈~~~~...♣♣...#######
####P..♣♣♣♣♣♣♣..♣♣....#
##......##.S.#....##
#......###...##...# ####
##.....####...#....# ###.#.
...................## #.....
#...................####.....
##..................#P##.....


You could see 2 five-headed hydras and a black mamba (wandering).

Vanquished Creatures
  Harold (D:10)
  2 two-headed ogres (D:10)
  A cyclops (D:9)
  A black mamba (Lair:2)
  A cane toad (Lair:2)
  3 komodo dragons
  A queen bee (Lair:1)
  6 blink frogs
  A wyvern (D:9)
  6 yaks (D:9)
  A vampire (D:10)
  A basilisk (Lair:1)
  A steam dragon (D:7)
  2 swamp worms (Lair:2)
  Menkaure (D:7)
  An acid dragon (D:9)
  8 water moccasins
  An ice beast (D:3)
  13 orc warriors
  A sky beast (D:7)
  A black bear (D:5)
  2 ogres
  11 centaurs
  A phantom (D:6)
  An elf zombie (Ossuary)
  6 kobold brigands
  5 bullfrogs
  Blork the orc (D:4)
  3 necrophages
  24 killer bees
  2 electric eels
  3 hounds
  2 jellies
  An orc priest (D:3)
  4 iguanas
  3 orc wizards
  4 mummies (Ossuary)
  4 adders
  10 gnolls
  2 shadow imps
  A white imp (D:8)
  An ufetubus (D:7)
  An adder zombie (Ossuary)
  4 dart slugs
  45 orcs
  9 endoplasms
  3 giant cockroaches
  A gnoll zombie (Ossuary)
  7 goblins
  8 hobgoblins
  7 jackals
  2 quokkas
  11 ball pythons
  4 bats
  6 frilled lizards
  A goblin zombie (Ossuary)
  2 hobgoblin zombies (Ossuary)
  A jackal zombie (Ossuary)
  34 kobolds
  5 rats
  5 rat zombies (Ossuary)
301 creatures vanquished.

Vanquished Creatures (others)
  2 fungi
  8 plants
10 creatures vanquished.

Grand Total: 311 creatures vanquished

Notes
Turn   | Place    | Note
-------+----------+-------------------------------------------
     0 | D:1      | gruber the Naga Venom Mage began the quest for the Orb.
     0 | D:1      | Reached XP level 1. HP: 15/15 MP: 3/3
   259 | D:1      | Reached XP level 2. HP: 18/22 MP: 0/5
   390 | D:1      | Reached skill level 5 in Poison Magic
   607 | D:1      | Reached XP level 3. HP: 28/28 MP: 4/6
  1474 | D:2      | Reached XP level 4. HP: 6/36 MP: 5/7
  2347 | D:3      | Found a basalt altar of Yredelemnul.
  2359 | D:3      | Reached XP level 5. HP: 27/42 MP: 3/8
  2505 | D:3      | Noticed an ice beast
  2521 | D:3      | Killed an ice beast
  2522 | D:3      | Reached XP level 6. HP: 28/49 MP: 5/9
  2879 | D:4      | Noticed Blork the orc
  2892 | D:4      | HP: 1/47 [adder (2)]
  2898 | D:4      | Killed Blork the orc
  3079 | D:4      | Learned a level 4 spell: Olgreb's Toxic Radiance
  3083 | D:4      | Learned a level 3 spell: Mephitic Cloud
  3257 | D:4      | Found a broken altar of Ashenzari.
  3462 | D:5      | Entered Level 5 of the Dungeon
  3526 | D:5      | Reached skill level 10 in Poison Magic
  3526 | D:5      | Reached XP level 7. HP: 40/55 MP: 10/10
  3750 | D:5      | Found a staircase to the Ecumenical Temple.
  3759 | D:5      | Reached skill level 2 in Fighting
  3792 | D:5      | Reached skill level 3 in Fighting
  4001 | D:5      | Reached skill level 4 in Fighting
  4398 | D:5      | Reached XP level 8. HP: 35/73 MP: 6/11
  4624 | Temple   | Entered the Ecumenical Temple
  4715 | Temple   | Became a worshipper of Cheibriados the Contemplative
  4821 | D:6      | Found a sand-covered staircase.
  4825 | Ossuary  | Entered an ossuary
  4854 | Ossuary  | Reached skill level 5 in Fighting
  5106 | Ossuary  | Reached skill level 1 in Polearms
  5198 | D:6      | Reached * piety under Cheibriados
  6408 | D:6      | Learned a level 3 spell: Frozen Ramparts
  6457 | D:7      | Reached skill level 5 in Polearms
  6517 | D:7      | Found Ykhadedd's Antique Armour Emporium.
  6559 | D:7      | Reached XP level 9. HP: 29/81 MP: 10/12
  6623 | D:7      | Noticed Menkaure
  6633 | D:7      | Killed Menkaure
  6644 | D:7      | Reached ** piety under Cheibriados
  6649 | D:7      | Reached skill level 5 in Spellcasting
  6687 | D:7      | Found a flagged portal.
  6798 | Bailey   | Entered a bailey
  7105 | Bailey   | Reached *** piety under Cheibriados
  7187 | Bailey   | Reached skill level 5 in Stealth
  7265 | Bailey   | Reached XP level 10. HP: 73/88 MP: 8/20
  7588 | Bailey   | Reached **** piety under Cheibriados
  7614 | Bailey   | Reached skill level 10 in Stealth
  7773 | Bailey   | Acquired a ring of wizardry
  7774 | Bailey   | Acquired a staff of poison
  8352 | D:8      | Found an opulent altar of Gozag.
  8380 | D:8      | Reached skill level 6 in Fighting
  8653 | D:8      | Reached skill level 7 in Fighting
  9075 | D:9      | Found a runed translucent door.
  9128 | D:9      | Reached skill level 8 in Fighting
  9214 | D:9      | Reached skill level 9 in Fighting
  9218 | D:9      | Reached skill level 10 in Fighting
  9219 | D:9      | Reached ***** piety under Cheibriados
  9245 | D:9      | Learned a level 3 spell: Hailstorm
  9377 | D:9      | Reached skill level 11 in Fighting
  9523 | D:9      | Learned a level 1 spell: Freeze
  9712 | D:9      | Found a staircase to the Lair.
  9723 | D:9      | Reached XP level 11. HP: 86/111 MP: 13/21
  9884 | D:9      | Found a shimmering altar of Xom.
  9884 | D:9      | Noticed Lanoc's ghost (novice NaBe)
  9885 | D:9      | Noticed a +2 long sword of chaos
  9983 | D:9      | Found a runed translucent door.
  9983 | D:9      | Noticed a cyclops
  9990 | D:9      | Killed a cyclops
 10092 | D:9      | Noticed a skeletal warrior
 10269 | D:9      | Noticed a boulder beetle
 10325 | D:10     | Entered Level 10 of the Dungeon
 10382 | D:10     | Noticed a two-headed ogre
 10390 | D:10     | Killed a two-headed ogre
 10405 | D:10     | Noticed Harold
 10418 | D:10     | Killed Harold
 10419 | D:10     | Reached skill level 5 in Ice Magic
 11059 | D:10     | Found a staircase to the Orcish Mines.
 11069 | D:10     | Found a stormy altar of Qazlal.
 11190 | D:10     | Noticed a two-headed ogre
 11197 | D:10     | Killed a two-headed ogre
 11376 | D:10     | Found a sparkling altar of Nemelex Xobeh.
 11709 | Lair:1   | Entered Level 1 of the Lair of Beasts
 13100 | Lair:2   | Reached XP level 12. HP: 117/120 MP: 10/22
 13162 | Lair:2   | Noticed a five-headed hydra
 13163 | Lair:2   | Reached skill level 10 in Ice Magic
 13164 | Lair:2   | Noticed a five-headed hydra
 13165 | Lair:2   | HP: 4/120 [five-headed hydra (10)]
 13165 | Lair:2   | Mangled by a five-headed hydra

Illustrated notes

Levels and vault maps discovered:
D:1:      amcnicky_arrival_underground_garden, layout_loops_ring, minmay_cut_off
D:2:      layout_loops_ring
D:3:      layout_rooms, mainiacjoe_overflow_small_starburst
D:4:      layout_cave_pools, ashenzari_conservatory_becter, uniq_blork_the_orc
D:5:      layout_basic, temple_fountains
D:6:      layout_gridville, enter_ossuary_5
D:7:      layout_rooms, enter_bailey_4, serial_shops, shop_statue, st_stairs_10,
          uniq_menkaure
D:8:      layout_loops_ring, nicolae_gozag_cash_rules_everything_around_me
D:9:      layout_rooms, david_lair_shrubbed, ebering_ghost_xom, minivault_13
D:10:     layout_stronghold, nemelex_xobeh_ov_fountains_minmay,
          lemuel_doored_altar, orc_0_dummy, uniq_harold
D:11:     layout_basic, minmay_misc_feat_room
Temple:   minmay_temple_bridge_d
Lair:1:   layout_gridlike, special_room [special_room_bee]
Lair:2:   layout_cellular_growth, palyth_hydra_swamp_entry, dummy_spider_entry,
          nicolae_quartered_pool_little, grunt_megastairs_5,
          infiniplex_staircase_pool, serial_bayou_shore_b

Skill      XL: |  1  2  3  4  5  6  7  8  9 10 11 12 |
---------------+-------------------------------------+-----
Poison Magic   | 5 6 7 8 10 | 10.3
Fighting       | 4 5 11 | 11.2
Polearms       | 6 |  6.0
Spellcasting   | 7 |  7.1
Stealth        | 6 10 | 10.2
Ice Magic      | 2 9 10 | 10.1
Dodging        | |  1.5
Transmutations | |  1.0

Action                   |  1- 3 |  4- 6 |  7- 9 | 10-12 || total
-------------------------+-------+-------+-------+-------++-------
Melee: Unarmed           |    24 |       |    28 |       ||    52
       Spear             |       |     9 |   106 |     2 ||   117
       Punch             |       |       |     2 |       ||     2
       Staff             |       |       |       |    44 ||    44
 Fire: Sling             |       |    64 |    56 |     6 ||   126
 Cast: Sting             |    70 |    77 |    57 |    42 ||   246
       Olgreb's Toxic Ra |       |     2 |    42 |    78 ||   122
       Mephitic Cloud    |       |       |     1 |     4 ||     5
       Frozen Ramparts   |       |       |     3 |    21 ||    24
       Freeze            |       |       |       |    13 ||    13
       Hailstorm         |       |       |       |     2 ||     2
 Abil: Spit Poison       |     6 |     7 |    19 |    24 ||    56
Evoke: Wand              |       |       |     5 |     8 ||    13
  Use: Potion            |       |     2 |     2 |     1 ||     5
       Scroll            |       |       |       |    12 ||    12
 Stab: Sleeping          |       |       |     1 |       ||     1
Armor: Robe              |    14 |    26 |    50 |       ||    90
       Skin              |       |       |    71 |       ||    71
       Steam dragon scal |       |       |    20 |    30 ||    50
Dodge: Dodged            |    25 |    37 |   109 |    83 ||   254

Table legend: (Time is in decaauts)
 A = Elapsed time spent in this place.
 B = Non-inter-level travel time spent in this place.
 C = Inter-level travel time spent in this place.
 D = Time resting spent in this place.
 E = Time spent auto-exploring this place.
 F = Levels seen in this place.
 G = Mean time per level.
                   A        B        C        D        E       F      G
               +--------+--------+--------+--------+--------+-----+--------+
         Total |  21012 |  19379 |   1633 |    666 |  16111 |  16 | 1313.2 |
       Dungeon |  15800 |  14404 |   1396 |    576 |  12035 |  11 | 1436.4 |
        Temple |    245 |     81 |    164 |      0 |     77 |   1 |  245.0 |
          Lair |   3011 |   2939 |     72 |      0 |   2677 |   2 | 1505.5 |
       Ossuary |    471 |    471 |      0 |     90 |    227 |   1 |  471.0 |
        Bailey |   1484 |   1484 |      0 |      0 |   1094 |   1 | 1484.0 |
               +--------+--------+--------+--------+--------+-----+--------+

Top non-repeatable levels by time:
     D:9: 2422 daAuts
    D:10: 2333 daAuts
     D:6: 1972 daAuts
     D:8: 1944 daAuts
  Lair:1: 1739 daAuts
     D:1: 1724 daAuts
     D:5: 1510 daAuts
  Bailey: 1484 daAuts
     D:7: 1309 daAuts
  Lair:2: 1271 daAuts
     D:2: 1069 daAuts
     D:4: 806 daAuts
     D:3: 705 daAuts
 Ossuary: 471 daAuts
  Temple: 245 daAuts
